 Seeded DCSS version 0.31-a0-1071-gaead2f62b1 (webtiles) character file.

Game seed: 3451369682634171190 (custom seed)

8640 timneilson the Thaumaturge (level 11, -15/61 HPs)
             Began as a Deep Elf Conjurer on Nov 25, 2023.
             Was a Priest of Vehumet.
             Hit by a large rock thrown by a cyclops (28 damage)
             ... on level 9 of the Dungeon on Nov 26, 2023.
             The game lasted 00:36:06 (9137 turns).

timneilson the Thaumaturge (Deep Elf Conjurer)      Turns: 9137, Time: 00:36:06

Health: -15/61     AC:  8    Str:  4    XL:     11   Next: 12%
Magic:  33/36      EV: 15    Int: 33    God:    Vehumet [***...]
Gold:   511        SH:  4    Dex: 13    Spells: 14/29 levels left

rFire   . . .        F - staff of conjuration
rCold   . . .        a - +0 buckler
rNeg    + . .        d - +0 robe {Will+}
rPois   .            l - +3 hat of Pondering {ponderous, Will+ MP+10 Int+5}
rElec   .            E - +1 cloak
rCorr   .            (no gloves)
SInv    .            e - +0 pair of boots
Will    +++..        B - amulet of regeneration
Stlth   +++          u - ring of wizardry
HPRegen 1.10/turn    y - ring of positive energy
MPRegen 0.25/turn

%: wizardry (x1)
@: slow
A: no striking features
a: Renounce Religion


You were on level 9 of the Dungeon.
You worshipped Vehumet.
Vehumet was most pleased with you.
You visited 2 branches of the dungeon, and saw 10 of its levels.

You collected 511 gold pieces.

Inventory:

Armour
 a - a +0 buckler (worn)
 d - a +0 robe of willpower (worn)
 e - a +0 pair of boots (worn)
 l - the +3 hat of Pondering (worn) {ponderous, Will+ MP+10 Int+5}
   (You acquired it on level 2 of the Dungeon)

   Int+5:     It affects your intelligence (+5).
   Will+:     It increases your willpower.
   MP+10:     It affects your magic capacity (+10).
 E - a +1 cloak (worn)
 G - the +0 toga "Victory" {*Victory Clar}
   (You found it on level 8 of the Dungeon)

   *Victory:  When the wearer kills a threatening monster, it has a chance to
   gain +1 AC, +1 Slay, and +1 Int, capping at +7.
   When the wearer uses a scroll or a potion with a hostile monster in sight,
   its bonuses reset to +0.
   Unequipping it also resets its bonuses to +0.
   Clar:      It protects you from confusion, rage, mesmerisation and fear.
Magical Staves
 F - a staff of conjuration (weapon)
Jewellery
 c - a ring of ice
 u - a ring of wizardry (left hand)
 y - a ring of positive energy (right hand)
 B - an amulet of regeneration (around neck)
 C - a ring of resist corrosion
Wands
 s - a wand of quicksilver (22)
 t - a wand of polymorph (3)
 w - a wand of mindburst (23)
 x - a wand of charming (9)
 A - a wand of flame (22)
Scrolls
 i - 2 scrolls of blinking {unknown}
 m - 2 scrolls of fog {unknown}
 n - 4 scrolls of poison {unknown}
 p - 7 scrolls of teleportation {unknown}
 v - 2 scrolls of noise {unknown}
 D - 3 scrolls of fear {unknown}
Potions
 b - 3 potions of magic
 f - a potion of cancellation
 g - 4 potions of brilliance {unknown}
 h - a potion of berserk rage {unknown}
 j - a potion of curing
 k - 2 potions of haste
 o - 3 potions of heal wounds
 q - 2 potions of enlightenment
 r - a potion of attraction
 z - a potion of lignification {unknown}


   Skills:
 + Level 4.1 Fighting
 + Level 4.0 Armour
 * Level 9.3 Dodging
 + Level 7.3 Stealth
 + Level 2.6 Shields
 * Level 9.9 Spellcasting
 + Level 7.2 Conjurations
 - Level 5.0 Hexes
 + Level 4.9 Translocations
 + Level 3.2 Air Magic
 + Level 1.7 Poison Magic
 + Level 4.6 Evocations


You had 14 spell levels left.
You knew the following spells:

 Your Spells              Type           Power      Damage    Failure   Level
a - Magic Dart            Conj           100%       1d8       1%          1
b - Searing Ray           Conj           100%       2d8       1%          2
c - Fulminant Prism       Conj/Hex       35%        3d17      1%          4
d - Iskenderun's Mystic   Conj/Tloc      71%        2d14      1%          4
e - Shock                 Conj/Air       100%       1d9       1%          1
f - Mephitic Cloud        Conj/Pois/Air  59%        N/A       1%          3

Your spell library contained the following spells:

 Spells                   Type           Power      Damage    Failure   Level
 Ensorcelled Hibernation  Hex/Ice        64%        N/A       1%          2
 Jinxbite                 Hex            98%        N/A       1%          2
 Dazzling Flash           Conj/Hex       100%       N/A       1%          3
 Frozen Ramparts          Ice            32%        1d5       2%          3
 Anguish                  Hex/Necr       16%        N/A       9%          4
 Petrify                  Tmut/Erth      16%        N/A       22%         4
 Metabolic Englaciation   Hex/Ice        16%        N/A       22%         5


Dungeon Overview and Level Annotations

Branches:
Dungeon (9/15)             Temple (1/1) D:7
   Lair: D:8-11         Orc: D:9-12

Altars:
Ashenzari
Cheibriados
Dithmenos
Elyvilon
Fedhas
Gozag
Kikubaaqudgha
Makhleb
Nemelex Xobeh
Okawaru
Qazlal
Ru
Sif Muna
Trog
Uskayaw
Vehumet
Wu Jian
Xom
Zin
The Shining One

Shops:
D:1 (=


Message History

The eight-headed hydra bites you.
The eight-headed hydra bites you but does no damage.
The eight-headed hydra completely misses you.
The eight-headed hydra barely misses you.
The eight-headed hydra bites you!
The searing ray hits the eight-headed hydra!
You kill the eight-headed hydra!
Vehumet accepts your kill.
You finish channelling your searing ray.
Unknown command.
You start resting.
HP restored.
You see here a +0 troll leather armour.
Casting: Searing Ray (safe; 1% risk of failure)
Confirm with . or Enter, or press ? or * to list all spells.
Aiming: Magic Dart (safe; 1% risk of failure)
Press: ? - help, Shift-Dir - straight line, f - cyclops
Aim: a cyclops, quivering large rocks (wandering, hasn't noticed you, 100% to hit)
You feel a surge of power!
The magic dart hits the cyclops.
The cyclops is lightly wounded.
The cyclops throws a large rock.
The large rock hits you!
The cyclops throws a large rock.
The large rock hits you!!
The cyclops throws a large rock.
The large rock hits you!!
* * * LOW HITPOINT WARNING * * *
Casting: Magic Dart (safe; 1% risk of failure)
Confirm with . or Enter, or press ? or * to list all spells.
You can't see any susceptible monsters within range! (Use Z to cast anyway.)
Casting: Magic Dart (safe; 1% risk of failure)
Confirm with . or Enter, or press ? or * to list all spells.
Aiming: Searing Ray (safe; 1% risk of failure)
Press: ? - help, Shift-Dir - straight line, f/p - cyclops
Aim: a cyclops, quivering large rocks (98% to hit)
You feel a surge of power!
The searing ray hits the cyclops!
The cyclops is moderately wounded. (Press . to maintain the ray.)
The cyclops throws a large rock.
The large rock completely misses you.
The searing ray hits the cyclops but does no damage.
The cyclops is lightly wounded.
The cyclops throws a large rock.
The large rock hits you!!
You die...

........#......#..#...........
.)......#......#..#...........
).......#......#..#...........
).......#......'..#...........
#########......####...........
........................###+##
........................+
....................C...#
........[.......@.......####
..#'##################.....#
..#).................#.....#
..#..................+.....#
..#..###+###.###.##..#.....#
..#..###..##+###.#####.....#
..#..................#.....#
..#.........>........'..<..+
..#..................#.....#


You could see a cyclops.

Vanquished Creatures
  A hydra (D:9)
  A cyclops (D:9)
  A gargoyle (D:8)
  2 kobold demonologists (D:9)
  A troll (D:9)
  A meliai (shapeshifter) (D:9)
  Prince Ribbit (D:5)
  Grinder (D:5)
  A slime creature (D:9)
  Sigmund (D:4)
  A wyvern (D:8)
  A wraith (D:9)
  4 yaks
  Eustachio (D:4)
  2 steam dragons
  Menkaure (D:5)
  Duvessa (D:7)
  A sky beast (D:7)
  3 ice beasts
  2 black bears
  An ogre (D:6)
  4 centaurs
  2 phantoms
  3 kobold brigands (D:9)
  6 bullfrogs
  A gnoll sergeant (D:5)
  2 scorpions
  Dowan (D:7)
  14 wights
  12 killer bees
  2 howler monkeys
  4 hounds
  3 jellies
  Crazy Yiuf (D:7)
  An orc priest (D:6)
  2 sleepcaps
  An iguana (D:7)
  Ijyb (D:5)
  12 orc wizards
  Terence (D:3)
  5 adders
  9 gnolls
  5 shadow imps
  A white imp (D:8)
  A worm (D:3)
  6 dart slugs
  11 orcs
  6 ball pythons
  4 endoplasms
  5 giant cockroaches
  6 goblins
  6 hobgoblins
  8 jackals
  2 quokkas
  2 bats (D:1)
  A frilled lizard (D:2)
  7 kobolds
  7 rats
194 creatures vanquished.

Vanquished Creatures (others)
  2 fulminant prisms (D:9)
2 creatures vanquished.

Grand Total: 196 creatures vanquished

Notes
Turn   | Place    | Note
-------+----------+-------------------------------------------
     0 | D:1      | timneilson the Deep Elf Conjurer began the quest for the
                  | Orb.
     0 | D:1      | Reached XP level 1. HP: 10/10 MP: 6/6
    56 | D:1      | Found Juceetep's Jewellery Shop.
    88 | D:1      | Noticed an eye of devastation
    90 | D:1      | Found a faded altar of an unknown god.
   125 | D:1      | Reached XP level 2. HP: 15/15 MP: 0/8
   201 | D:1      | Noticed a golden eye
   206 | D:1      | Noticed a golden eye
   206 | D:1      | Noticed a glass eye
   313 | D:1      | Found Mylaamin's Weapon Shop.
   802 | D:1      | Learned a level 2 spell: Searing Ray
  1084 | D:2      | Identified a scroll of acquirement
  1084 | D:2      | Acquired the +3 hat of Pondering {ponderous, Will+ MP+10
                  | Int+5}
  1084 | D:2      | Found the +3 hat of Pondering {ponderous, Will+ MP+10
                  | Int+5}
  1284 | D:2      | Reached XP level 3. HP: 20/20 MP: 10/10
  1679 | D:2      | Reached XP level 4. HP: 24/24 MP: 11/11
  1684 | D:2      | Learned a level 4 spell: Fulminant Prism
  1924 | D:3      | Noticed Terence
  1934 | D:3      | Killed Terence
  1935 | D:3      | Reached skill level 1 in Armour
  1941 | D:3      | Learned a level 4 spell: Iskenderun's Mystic Blast
  2183 | D:3      | Noticed a black bear
  2186 | D:3      | Killed a black bear
  2187 | D:3      | Reached skill level 1 in Fighting
  2187 | D:3      | Reached skill level 1 in Hexes
  2187 | D:3      | Reached XP level 5. HP: 29/29 MP: 13/13
  2411 | D:3      | Found an iron altar of Okawaru.
  2414 | D:3      | Found an ornate altar of the Wu Jian Council.
  2438 | D:3      | Found a bloodstained altar of Trog.
  2848 | D:4      | Reached skill level 1 in Translocations
  2848 | D:4      | Reached XP level 6. HP: 34/34 MP: 14/14
  2943 | D:4      | Reached skill level 5 in Conjurations
  3260 | D:4      | Noticed Sigmund
  3268 | D:4      | Killed Sigmund
  3269 | D:4      | Reached skill level 5 in Spellcasting
  3269 | D:4      | Reached XP level 7. HP: 24/38 MP: 16/16
  3559 | D:4      | Noticed Eustachio
  3568 | D:4      | Killed Eustachio
  3569 | D:4      | Reached skill level 5 in Dodging
  3569 | D:4      | Reached skill level 1 in Evocations
  3909 | D:5      | Entered Level 5 of the Dungeon
  3997 | D:5      | Found a radiant altar of Vehumet.
  4103 | D:5      | Became a worshipper of Vehumet
  4295 | D:5      | Reached XP level 8. HP: 33/44 MP: 18/19
  4384 | D:5      | Noticed Ijyb
  4397 | D:5      | Killed Ijyb
  4517 | D:5      | Noticed Menkaure
  4521 | D:5      | Killed Menkaure
  4589 | D:5      | Found an opulent altar of Gozag.
  4661 | D:5      | Noticed Prince Ribbit
  4670 | D:5      | Killed Prince Ribbit
  4717 | D:5      | Noticed Grinder
  4722 | D:5      | Killed Grinder
  4723 | D:5      | Reached skill level 5 in Stealth
  5199 | D:6      | Reached * piety under Vehumet
  5199 | D:6      | Offered knowledge of Shock by Vehumet.
  5203 | D:6      | Learned a level 1 spell: Shock
  5375 | D:6      | Reached XP level 9. HP: 47/49 MP: 21/21
  5900 | D:6      | Reached skill level 1 in Air Magic
  6174 | D:7      | Found a sacrificial altar of Ru.
  6314 | D:7      | Reached skill level 1 in Shields
  6390 | D:7      | Found a staircase to the Ecumenical Temple.
  6399 | Temple   | Entered the Ecumenical Temple
  6466 | D:7      | Upgraded the game from 0.31-a0-986-g5e6e4ef867 to
                  | 0.31-a0-1071-gaead2f62b1
  6622 | D:7      | Offered knowledge of Kiss of Death by Vehumet.
  6623 | D:7      | Noticed Duvessa
  6633 | D:7      | Noticed Dowan
  6639 | D:7      | Killed Duvessa
  6639 | D:7      | Reached ** piety under Vehumet
  6639 | D:7      | Killed Dowan
  6780 | D:7      | Found a runed translucent door.
  6781 | D:7      | Noticed Crazy Yiuf
  6787 | D:7      | Killed Crazy Yiuf
  6864 | D:7      | Found a broken altar of Ashenzari.
  6868 | D:7      | Saw a vision of the Swamp and the Snake Pit.
  6868 | D:7      | Noticed a naga warrior
  6868 | D:7      | Noticed a black mamba
  6868 | D:7      | Noticed a black mamba
  6868 | D:7      | Noticed an anaconda
  6868 | D:7      | Noticed a seven-headed hydra
  6868 | D:7      | Noticed a bloated husk
  6868 | D:7      | Noticed a ghost crab
  6868 | D:7      | Noticed a bloated husk
  6869 | D:7      | Noticed an anaconda
  6967 | D:7      | Reached XP level 10. HP: 54/56 MP: 24/24
  6970 | D:7      | Reached skill level 5 in Hexes
  7321 | D:8      | Identified the amulet "Neeneguff" {RegenMP Str+7}
  7556 | D:8      | Found a shimmering altar of Xom.
  7567 | D:8      | HP: 1/56 [centaur/arrow (8)]
  7817 | D:8      | Noticed a gargoyle
  7833 | D:8      | Offered knowledge of Mephitic Cloud by Vehumet.
  7837 | D:8      | Killed a gargoyle
  7848 | D:8      | Learned a level 3 spell: Mephitic Cloud
  7991 | D:8      | Found a shimmering altar of Xom.
  8079 | D:8      | Found the +0 toga "Victory" {*Victory Clar}
  8122 | D:8      | Identified the +5 dagger of the Pits of Slime {holy, Drain
                  | Int+3 Dex+6}
  8362 | D:9      | Noticed a cyclops
  8362 | D:9      | Noticed a tengu warrior
  8362 | D:9      | Noticed a brown ugly thing
  8362 | D:9      | Noticed a harpy
  8362 | D:9      | Noticed an eight-headed hydra
  8362 | D:9      | Noticed a centaur warrior
  8362 | D:9      | Noticed a cyclops
  8368 | D:9      | Noticed a white ugly thing
  8515 | D:9      | Noticed a cyclops
  8525 | D:9      | Killed a cyclops
  8694 | D:9      | Reached skill level 1 in Poison Magic
  8835 | D:9      | Noticed an orange demon
  8844 | D:9      | Reached XP level 11. HP: 57/61 MP: 25/26
  8846 | D:9      | Reached *** piety under Vehumet
  9091 | D:9      | Killed an eight-headed hydra
  9137 | D:9      | Hit by a large rock thrown by a cyclops

Illustrated notes

Levels and vault maps discovered:
D:1:      spicycebolla_green_bress_n_ham, layout_basic,
          hellmonk_ecumenical_altar_watching_god, serial_shops,
          nicolae_shop_gaudy_bauble, shop
D:2:      layout_loops_ring
D:3:      layout_loops_cross, grunt_temple_overflow_open,
          hangedman_decor_opposing, corexii_hall_statues_l, uniq_terence
D:4:      layout_basic, uniq_eustachio, uniq_sigmund
D:5:      layout_cave_pools, mainiacjoe_overflow_catch_the_wave,
          uniq_prince_ribbit1, uniq_grinder, uniq_menkaure, uniq_ijyb
D:6:      minmay_flawed_box, layout_gridville, hangedman_decor_riveting
D:7:      layout_loops_cross, kennysheep_mini, grunt_ashenzari_visionary
          [grunt_ashenzari_visionary_swamp, grunt_ashenzari_visionary_snake],
          minmay_temple_entry_trees, uniq_crazy_yiuf_cottage, uniq_duvessa
D:8:      layout_basic, lemuel_tele_altar, minmay_ruined_shrine
D:9:      layout_gridville, minivault_28
Temple:   nicolae_temple_no_exploring_needed

Skill      XL: |  1  2  3  4  5  6  7  8  9 10 |
---------------+-------------------------------+-----
Dodging        | 3 4 5 6 7 9 |  9.3
Stealth        | 3 4 5 6 7 |  7.3
Armour         | 1 2 3 4 |  4.0
Spellcasting   | 4 5 6 7 8 9 |  9.9
Fighting       | 1 2 3 4 |  4.1
Hexes          | 1 2 3 4 5 |  5.0
Translocations | 1 2 3 4 |  4.9
Conjurations   | 5 6 7 |  7.2
Evocations     | 1 2 3 4 |  4.6
Air Magic      | 1 3 |  3.2
Shields        | 1 2 |  2.6
Poison Magic   | 1 |  1.7

Action                     |  1- 3 |  4- 6 |  7- 9 | 10-12 || total
---------------------------+-------+-------+-------+-------++-------
  Melee: Dagger            |     1 |       |     9 |       ||    10
   Cast: Magic Dart        |    59 |    54 |    87 |     9 ||   209
         Searing Ray       |     2 |    16 |    67 |    41 ||   126
         Iskenderun's Myst |       |       |       |    11 ||    11
         Shock             |       |       |       |     2 ||     2
         Fulminant Prism   |       |       |       |     2 ||     2
  Evoke: Wand              |       |       |       |     2 ||     2
    Use: Scroll            |     1 |     1 |     4 |     1 ||     7
 Armour: Robe              |     1 |    11 |    36 |   100 ||   148
  Dodge: Dodged            |     4 |    14 |    62 |    62 ||   142
  Block: Buckler           |       |       |     7 |    24 ||    31

Table legend: (Time is in decaauts)
 A = Elapsed time spent in this place.
 B = Non-inter-level travel time spent in this place.
 C = Inter-level travel time spent in this place.
 D = Time resting spent in this place.
 E = Time spent auto-exploring this place.
 F = Levels seen in this place.
 G = Mean time per level.
                   A        B        C        D        E       F      G
               +--------+--------+--------+--------+--------+-----+--------+
         Total |   9654 |   9216 |    438 |    601 |   6432 |  10 |  965.4 |
       Dungeon |   9652 |   9214 |    438 |    601 |   6432 |   9 | 1072.4 |
        Temple |      1 |      1 |      0 |      0 |      0 |   1 |    1.0 |
               +--------+--------+--------+--------+--------+-----+--------+

Top non-repeatable levels by time:
     D:6: 1324 daAuts
     D:8: 1225 daAuts
     D:7: 1193 daAuts
     D:4: 1163 daAuts
     D:1: 1066 daAuts
     D:5: 1048 daAuts
     D:3: 951 daAuts
     D:2: 911 daAuts
     D:9: 767 daAuts
  Temple: 1 daAuts
